Map: Imperio eterno EE

Players

MrFercho

  • Race: Zerg Zerg
  • League: Gold
  • Spawn Location: 7:00

PumaSphere - Winner!

  • Race: Zerg Zerg
  • League: Gold
  • Spawn Location: 1:00

VOD

Have the link to the VOD?

Description

Time

  • Played on: Aug. 22, 2020, 11:05 p.m.
  • Length: 8:40
Show
View Real Time Build Order
Export as new Build Order

MrFercho Zerg 

Build Orders: Hatch First 

Get SALT Encoding   

  12  0:00  Drone  
  13  0:13  Overlord  
  13  0:22  Drone  
  14  0:31  Drone x2  
  16  0:49  Hatchery  
  15  0:59  Drone x2  
  15  1:01  Drone  
  18  1:13  Extractor  
  17  1:20  Spawning Pool  
  17  1:21  Drone  
  17  1:22  Drone  
  18  1:32  Drone  
  19  1:51  Drone  
  20  1:56  Overlord  
  20  2:08  Queen  
  20  2:09  Queen  
  20  2:12  Drone x2  
  26  2:17  Drone x2  
  28  2:23  Overlord  
  28  2:31  Metabolic Boost  
  28  2:36  Drone  
  28  2:37  Drone  
  30  2:53  Queen  
  30  2:55  Lair  
  32  3:03  Overlord x2  
  32  3:05  Drone x3  
  35  3:15  Drone  
  36  3:25  Baneling Nest  
  35  3:32  Evolution Chamber  
  34  3:41  Drone x5  
  37  3:42  Overlord, Drone x2  
  41  4:01  Extractor  
  40  4:03  Zerg Melee Weapons Level 1  
  40  4:04  Extractor  
  40  4:05  Zergling x8  
  43  4:26  Zergling x6, Evolution Chamber  
  45  4:32  Pneumatized Carapace  
  45  4:33  Drone  
  45  4:34  Drone x3  
  45  4:35  Drone x2  
  45  4:36  Drone  
  52  4:54  Drone x2  
  52  4:55  Drone x2  
  56  5:08  Zerg Missile Weapons Level 1  
  56  5:10  Hatchery  
  55  5:17  Hydralisk Den, Drone  
  55  5:21  Drone x2  
  57  5:23  Hatchery  
  56  5:32  Overlord  
  56  5:37  Drone x4  
  56  5:39  Overlord  
  60  5:43  Overlord  
  60  5:59  Overlord  
  60  6:17  Extractor, Muscular Augments  
  59  6:21  Drone x9  
  68  6:49  Hydralisk x5  
  68  6:50  Hydralisk x4  
  86  7:00  Baneling x4  
  86  7:02  Zergling x6  
  86  7:03  Zergling x6  
  91  7:08  Spine Crawler  
  91  7:11  Spine Crawler  
  91  7:15  Zergling x4  
  81  7:16  Zergling x4  
  79  7:24  Baneling x3  
  79  7:28  Grooved Spines  
  71  7:40  Zergling x14  
  63  8:04  Zergling x4  
  63  8:05  Zergling x10  
Show
View Real Time Build Order
Export as new Build Order

PumaSphere Zerg - Winner!

Build Orders: Hatch First 

Get SALT Encoding   

  12  0:00  Drone  
  13  0:12  Overlord  
  13  0:16  Drone  
  14  0:31  Drone x2  
  16  0:37  Drone  
  17  0:46  Drone  
  18  0:54  Extractor  
  17  0:59  Hatchery  
  17  1:02  Drone  
  17  1:16  Spawning Pool  
  16  1:20  Drone  
  16  1:23  Drone  
  18  1:29  Drone  
  19  1:40  Overlord  
  19  1:54  Drone  
  20  2:05  Queen  
  22  2:10  Queen  
  24  2:23  Drone x4  
  28  2:44  Baneling Nest  
  27  3:00  Evolution Chamber x2  
  25  3:05  Spine Crawler  
  25  3:12  Drone x2  
  26  3:18  Drone  
  27  3:24  Drone x6  
  33  3:28  Hatchery  
  33  3:33  Roach Warren  
  31  3:43  Spine Crawler  
  30  3:51  Queen  
  32  3:56  Overlord  
  32  4:01  Zergling x8  
  36  4:05  Overlord x2  
  38  4:21  Baneling  
  38  4:22  Baneling x3  
  38  4:28  Lair  
  38  4:30  Drone  
  38  4:31  Extractor, Drone x2  
  39  4:34  Drone x5  
  39  4:35  Drone x2  
  45  4:46  Drone x2  
  45  4:50  Extractor  
  45  4:51  Drone x2  
  45  4:52  Drone x2  
  50  4:53  Extractor  
  49  5:11  Queen  
  51  5:23  Overlord  
  51  5:24  Overlord  
  51  5:26  Roach x4  
  59  5:28  Zerg Missile Weapons Level 1  
  59  5:32  Drone x2  
  61  5:38  Glial Reconstitution  
  61  5:59  Roach x6  
  61  6:00  Overlord, Roach  
  75  6:07  Hatchery  
  75  6:11  Queen  
  74  6:12  Overlord x2  
  74  6:15  Drone  
  77  6:26  Zerg Ground Armor Level 1  
  77  6:38  Roach  
  77  6:39  Roach x6  
  91  6:45  Overlord  
  91  6:46  Drone x3  
  94  7:02  Baneling x2  
  94  7:10  Roach x6  
  94  7:11  Roach x3  
  110  7:20  Roach x3  
  114  7:43  Overlord x3  
  106  8:16  Roach x3  
  106  8:17  Roach x2  
Tags
 
League
GoldGold
Matchup
ZvZ
Race
Zerg
Replay Pack
MrFercho
Spawn Locations
Cross Positions
Add a new tag
Caveats
  • Supply blocks, unpowered buildings, or Contaminate may cause inaccurate times.
  • Supply counts are checked every 10 seconds.